← All builds
Pond / Cortex / Economy first / OBSERVED BUILD

Standard pond

Cortex Pond build order · Supreme Isthmus

Standard Pond play: eco first with Bot Lab and later Advanced Metal Extractor, boosting the fronts with Tidal Generators and sending Grunts forward; no special catch.

#eco #team support · 94 distinct matches · 38 players · 13% of Cortex Pond games · team won 47% of 94 · Recently observed

HOW TO PLAY IT

Key timing: Bot Lab by 5:03

  1. Build tidal generators first to start boosting the fronts.
  2. Grab mex and energy storage before committing further.
  3. Put down the bot lab and start sending Grunts forward.
  4. Fill out wind and add a Guard for early defense.
  5. Transition to T2 with an advanced mex once front stabilizes.

Phase by phase

TYPICAL OF ITS 94 GAMES · AGAINST STANDARD POND
  1. 1
  2. 2
  3. 3
PLAY THE OPENING

Follow the example game's first 6:00 step by step: what to build now, what comes next, and where it goes. At 1× it keeps pace with your own game.

  1. 1

    Up to the Bot Lab

    Economy
    • Metal Extractor4Mex
    • Tidal Generator8Tidalfor allies
    • Tidal Generator2Tidal−2 vs standard
    • Wind Turbine2Wind
    • Energy Storage1Energy storage
    Order
    1. Bot LabBot Lab after 4 mex, 2 tidal, 2 winddone ~3:32, middle half 3:21–4:35

    By 3:13 in all: 4 mex · 2 tidal (standard 4) · 2 wind · 1 energy storage

    The example game in this phase · 5 steps
    1. Tidal ×10for Suicide front
    2. Tidal ×2
    3. Tidalfor Geo sea
    4. Mex ×4
    5. Bot LabBot Labdone 3:21 · typical 3:32
  2. 2

    Bot Lab to 5:00

    Economy
    • Wind Turbine1Wind−4 vs standard
    Builders
    • Construction Bot1 Con bot

    Some games also: con turret (47%) · converter (37%) · Graverobber (32%)

    By 5:00 in all: 4 mex · 7 wind · 2 tidal (standard 4) · 1 energy storage · 1 con turret

    The example game in this phase · 12 steps
    1. GruntGrunt ×3for Suicide front
    2. GraverobberGraverobber ×4
    3. Wind
    4. Mexfor Suicide front
    5. Construction BotCon bot
    6. Mexfor Suicide front
    7. Solarfor Suicide front
    8. Construction BotCon bot
    9. PawnPawn
    10. Mexfor Suicide front
    11. Construction BotCon bot
    12. Wind
  3. 3

    5:00 to 10:00

    Economy
    • Wind Turbine18Wind+18 vs standard
    • Energy Converter4Converter+4 vs standard
    Builders
    • Construction Turret1 Con turret

    Some games also: grunt (48%) · con bot (33%) · eat Bot Lab (45%)

    By 10:00 in all: 4 mex · 25 wind (standard 8) · 2 tidal (standard 4) · 6 converter (standard 1) · 1 energy storage · 2 con turret (standard 0)

    The example game in this phase · 113 steps
    1. Wind ×4
    2. Energy storage
    3. Construction BotCon bot
    4. Wind
    5. Energy storagefor Suicide front
    6. Con turret
    7. Wind ×6
    8. Con turret
    9. Wind ×2
    10. Advanced Metal ExtractorT2 mexdone 7:30 · typical 9:07
    11. Wind ×4
    12. Bot LabEat Bot Labreclaimed for its metal
    13. Wind
    14. Advanced Metal ExtractorT2 mex
    15. Wind ×4
    16. Advanced Metal ExtractorT2 mex
    17. Wind
    18. Mex
    19. Wind
    20. GuardGuard
    21. Wind ×2
    22. GuardGuard
    23. Wind ×2
    24. Advanced Metal ExtractorT2 mex
    25. Wind ×10
    26. Bot LabBot Labdone 9:58
    27. Wind
    28. LazarusLazarus
    29. Bot LabBot Labdone 10:08
    30. Wind
    31. LazarusLazarus ×2
    32. GuardGuard
    33. Wind
    34. LazarusLazarus ×2
    35. TickTick
    36. Wind
    37. TickTick
    38. GuardGuard
    39. Con turret
    40. LazarusLazarus
    41. TickTick
    42. Wind
    43. TickTick
    44. Fusion ReactorFusiondone 11:58
    45. TickTick
    46. Wind
    47. TickTick ×2
    48. Wind
    49. TickTick ×2
    50. Wind
    51. TickTick ×2
    52. Wind
    53. TickTick
    54. GuardGuard
    55. Wind
    56. TickTick ×2
    57. Wind
    58. GuardGuard
    59. Wind
    60. GuardGuard
    61. Wind
    62. TickTick ×2
    63. GuardGuard
    64. TickTick ×3
    65. Wind
    66. TickTick ×8
    67. Bot LabBot Labdone 12:26
    68. Wind
    69. TickTick ×2
    70. Con turret ×2
    71. TickTick ×2
    72. Wind
    73. TickTick ×4
    74. T2 converter
    75. Wind
    76. TickTick ×6
    77. Wind
    78. TickTick ×6
    79. Wind
    80. TickTick ×4
    81. T2 converter
    82. Wind
    83. TickTick ×11
    84. Wind
    85. TickTick ×12
    86. Wind
    87. TickTick ×13
    88. Wind
    89. TickTick ×4
    90. Con turret
    91. TickTick ×2
    92. Con turret
    93. TickTick ×4
    94. Wind
    95. TickTick ×6
    96. Radar TowerRadar Tower
    97. TickTick ×7
    98. Wind
    99. TickTick ×10
    100. Wind
    101. TickTick ×9
    102. T2 converter
    103. TickTick
    104. Wind
    105. TickTick ×12
    106. Wind
    107. TickTick ×7
    108. Con turret
    109. TickTick ×3
    110. Wind
    111. TickTick ×12
    112. Wind
    113. TickTick ×5

Counts are medians over the build's games: half of them build more, half fewer. The example game is Slow_but_sure's (32 OS, 15/09/2026); pick another.

Team trades

IN AT LEAST 30% OF ITS GAMES

You hand over

  • Tidal Generator8 Tidal to Suicide front or Frontfirst at 0:14 · in 96% of games

You get

  • Advanced Construction Bot1 T2 con bot from Techfirst at 7:22 · in 80% of games

How it plays out

Typical game of this build, running totals by minute

Metal produced

010k20k
0:005:0010:0015:00

metal

Enemy metal destroyed

01k2k3k
0:005:0010:0015:00

metal

Own metal lost

01k2k3k
0:005:0010:0015:00

metal

94 games.

Show as table
ByMetal produced: This buildEnemy metal destroyed: This buildOwn metal lost: This build
1:0011500
2:0026000
3:0075200
4:00141400
5:00214200
6:00295100
7:00383900
8:0049135173
9:006340185172
10:007751321513
11:009899740796
12:001235111421054
13:001491015751637
14:001720918372073
15:001993426232966
WHAT THE NUMBERS SAY

This Cortex pond baseline wins under half its games, with enemy metal destroyed just ahead of own losses by 15:00.

  • + Enemy metal destroyed (3099) edges past own metal lost (3482) less than in Armada pond.
  • − Bot Lab finishes later (5:03) than the Armada pond norm (3:41), slower front support.
THE EXAMPLE YOU ARE READING

Slow_but_sure

31.5 OS · 15/09/2026

Open source match ↗

12 received units · includes a constructor
1099 metal received · 11655 energy received

Allied construction assistance is unknown. Timings are observations, not a promise of solo reproducibility.

Typical milestones

Bot Lab3:32Middle 50%: 3:21–4:35 · n=70
Advanced Metal Extractor9:07Middle 50%: 7:43–10:16 · n=77

Played most by

Yamato18games of this buildzeus_on_god7games of this buildEpicTyrannus6games of this buildEXZoPrimer36games of this buildBoozha5games of this build